 Dungeon Crawl Stone Soup version 0.31-a0-986-g5e6e4ef867 (webtiles) character file.

Game seed: 5549088586085339765

72 bmb222 the Changeling (level 4, -14/32 HPs)
             Began as a Formicid Shapeshifter on Nov 24, 2023.
             Demolished by Sigmund
             ... wielding a +1 scythe of distortion
              (24 damage)
             ... on level 2 of the Dungeon.
             The game lasted 00:03:39 (1683 turns).

bmb222 the Changeling (Formicid Shapeshifter)       Turns: 1683, Time: 00:03:39

Health: -14/32     AC:  8    Str: 20    XL:     4   Next: 50%
Magic:  4/4        EV: 11    Int: 10    God:
Gold:   40         SH:  0    Dex: 13    Spells: 3/3 levels left

rFire   + . .        j - +0 long sword
rCold   . . .        (no shield)
rNeg    . . .        q - +2 ring mail {rF+}
rPois   .            (helmet unavailable)
rElec   .            e - scarf {repulsion}
rCorr   .            g - +0 pair of gloves
SInv    +            (no boots)
Will    .....        (no amulet) Stlth
                     (no ring)
HPRegen 0.25/turn    (no ring)
MPRegen 0.09/turn

%: repel missiles
@: confused
A: permanent stasis, dig shafts and tunnels, antennae 3, four strong arms
a: Dig, Shaft Self


You were on level 2 of the Dungeon.
You visited 1 branch of the dungeon, and saw 2 of its levels.

You collected 40 gold pieces.

Inventory:

Hand Weapons
 j - a +0 long sword (weapon)
Missiles
 b - a throwing net
Armour
 a - a +0 animal skin
 e - a scarf of repulsion (worn)
 g - a +0 pair of gloves (worn)
 q - a +2 ring mail of fire resistance (worn)
Talismans
 c - a beast talisman
 d - a flux talisman
Scrolls
 f - 2 scrolls of teleportation {unknown}
 h - a scroll of immolation {unknown}
 k - 2 scrolls of silence {unknown}
 n - a scroll of noise {unknown}
Potions
 l - a potion of enlightenment {unknown}
 m - a potion of curing {unknown}
 p - a potion of haste {unknown}


   Skills:
 + Level 1.5 Fighting
 * Level 2.3 Long Blades
 * Level 1.6 Armour
 - Level 1.7 Dodging
 - Level 3.3 Unarmed Combat
 - Level 3.6 Shapeshifting


You had 3 spell levels left.
You didn't know any spells.
Your spell library was empty.

Dungeon Overview and Level Annotations

Branches:
Dungeon (2/15)

Altars:

Annotations:
D:2 Sigmund


Innate Abilities, Weirdness & Mutations

You cannot be hasted, slowed, berserked, paralysed or teleported.
You can dig through walls and to a lower floor.
You have a pair of large antennae on your head. (SInv)
Your four strong arms can wield two-handed weapons with a shield.


Message History

Sigmund shouts!
Okay, then.
Aiming: Throw Flame
Press: ? - help, Shift-Dir - straight line, f - Sigmund
Aim: Sigmund, wielding a +1 scythe of distortion and wearing a +0 robe (64% to hit)
The puff of flame hits Sigmund!
Sigmund is moderately wounded.
Sigmund casts a spell at you. The magic dart hits you.
Aiming: Throw Flame
Press: ? - help, Shift-Dir - straight line, f/p - Sigmund
Aim: Sigmund, wielding a +1 scythe of distortion and wearing a +0 robe (moderately wounded, 64% to hit)
The puff of flame hits Sigmund.
Sigmund is moderately wounded.
Sigmund casts a spell at you. You resist with some effort.
Aiming: Throw Flame
Press: ? - help, Shift-Dir - straight line, f/p - Sigmund
Aim: Sigmund, wielding a +1 scythe of distortion and wearing a +0 robe (moderately wounded, 64% to hit)
The puff of flame hits Sigmund.
Sigmund is heavily wounded.
Aiming: Throw Flame
Press: ? - help, Shift-Dir - straight line, f/p - Sigmund
Aim: Sigmund, wielding a +1 scythe of distortion and wearing a +0 robe (heavily wounded, 64% to hit)
The puff of flame hits Sigmund!
Sigmund is almost dead.
The now-empty wand crumbles to dust.
Sigmund is nearby!
Okay, then.
Okay, then.
Sigmund gestures at you while chanting.
You are confused.
Sigmund hits you from afar with a +1 scythe of distortion!
Space warps around you!
You're too confused to move!
Sigmund hits you with a +1 scythe of distortion.
Space warps horribly around you!!
Ouch! That really hurt!
You die...
Sigmund begins carving another notch in his scythe.

..........###.....#
#.# '#........#
#.....# #.#
.#........#
####....##.#
.#........#
#.#####.#
.#........#
#.####..#
.#........#
#.#.....#
.#........#
#.#.###.#
.+........# #.#.#
#.# ##........
#@..# #.# #@.## #..
...#######..# ###
....@.......#
#.###..#.......#
#..########.#
>....# #####.# ...


You could see Sigmund.

Vanquished Creatures
  Robin (D:2)
  A worm (D:2)
  2 dart slugs (D:1)
  3 bats
  6 endoplasms
  A giant cockroach (D:1)
  11 goblins
  9 hobgoblins
  2 jackals (D:2)
  2 quokkas
  4 ball pythons
  A frilled lizard (D:1)
  3 kobolds (D:1)
  2 rats (D:2)
48 creatures vanquished.

Notes
Turn   | Place    | Note
-------+----------+-------------------------------------------
     0 | D:1      | bmb222 the Formicid Shapeshifter began the quest for the
                  | Orb.
     0 | D:1      | Reached XP level 1. HP: 15/15 MP: 1/1
   350 | D:1      | Reached XP level 2. HP: 12/21 MP: 2/2
   547 | D:1      | Reached XP level 3. HP: 22/26 MP: 3/3
   727 | D:1      | Reached skill level 1 in Long Blades
   735 | D:1      | Reached skill level 1 in Armour
  1318 | D:2      | Reached XP level 4. HP: 26/32 MP: 4/4
  1349 | D:2      | Noticed Robin
  1395 | D:2      | Killed Robin
  1667 | D:2      | Noticed Sigmund
  1683 | D:2      | Demolished by Sigmund

Illustrated notes

Levels and vault maps discovered:
D:1:      lightli_arrival_flooded_house, layout_basic
D:2:      layout_basic, minmay_pentomino_z4, uniq_robin, uniq_sigmund

Skill      XL: |  1  2  3  4 |
---------------+-------------+-----
Long Blades    | 1 2 |  2.3
Armour         | 1 |  1.6
Fighting       | |  1.5
Dodging        | |  1.7
Unarmed Combat | |  3.3
Shapeshifting  | |  3.6

Action                     |  1- 3 |  4- 6 || total
---------------------------+-------+-------++-------
  Melee: Unarmed           |    21 |       ||    21
         Punch             |     2 |     1 ||     3
         Long sword        |   100 |    45 ||   145
  Evoke: Wand              |       |     4 ||     4
    Use: Potion            |       |     3 ||     3
   Stab: Sleeping          |     1 |       ||     1
 Armour: Animal skin       |    82 |       ||    82
         Ring mail         |     2 |    51 ||    53
         Skin              |       |    29 ||    29
  Dodge: Dodged            |   113 |    34 ||   147
         Repelled          |     1 |       ||     1
         Form:             |     1 |       ||     1
         Beast             |     1 |       ||     1

Table legend: (Time is in decaauts)
 A = Elapsed time spent in this place.
 B = Non-inter-level travel time spent in this place.
 C = Inter-level travel time spent in this place.
 D = Time resting spent in this place.
 E = Time spent auto-exploring this place.
 F = Levels seen in this place.
 G = Mean time per level.
                   A        B        C        D        E       F      G
               +--------+--------+--------+--------+--------+-----+--------+
         Total |   1730 |   1680 |     50 |    456 |    765 |   2 |  865.0 |
       Dungeon |   1730 |   1680 |     50 |    456 |    765 |   2 |  865.0 |
               +--------+--------+--------+--------+--------+-----+--------+

Top non-repeatable levels by time:
     D:1: 919 daAuts
     D:2: 810 daAuts
